 Dungeon Crawl Stone Soup version 0.22-a0-348-gd16d139 (webtiles) character file.

542313 Megalobster the Conqueror (level 24, -16/249 HPs)
             Began as a Minotaur Berserker on Mar 20, 2018.
             Was a High Priest of Trog.
             Killed from afar by a storm dragon (21 damage)
             ... with a bolt of lightning
             ... on level 1 of the Realm of Zot on Apr 7, 2018.
             The game lasted 04:48:48 (51098 turns).

Megalobster the Conqueror (Minotaur Berserker)     Turns: 51098, Time: 04:48:48

Health: -16/249    AC: 29    Str: 36    XL:     24   Next: 78%
Magic:  30/30      EV: 31    Int:  2    God:    Trog [*****.]
Gold:   3463       SH: 19    Dex: 15    Spells: 23/23 levels left

rFire    + . .     SeeInvis .   a - +7 broad axe (vamp)
rCold    + + .     Gourm    .   y - +3 shield of Resourcefulness {rC+ Regen+}
rNeg     . . .     Faith    .   X - +6 acid dragon scales
rPois    +         Spirit   .   J - +2 hat {MR+}
rElec    .         Reflect  .   f - scarf {rC+ rF+}
rCorr    +         Harm     .   w - +2 pair of gloves
MR       ++++.                  k - +2 pair of boots {run}
Stlth    +.........             Y - amulet of regeneration
HPRegen  2.31/turn              t - +5 ring of evasion
MPRegen  0.22/turn              F - ring of poison resistance

@: mighty, berserk cooldown, regenerating, slowed, very slow
A: retaliatory headbutt, claws 1, horns 2, agile 1, dopey 1, mutation resistance
1, shaggy fur 1, subdued magic 1
}: 3/15 runes: decaying, slimy, gossamer
a: Berserk, Trog's Hand, Brothers in Arms, Renounce Religion


You were on level 1 of the Realm of Zot.
You worshipped Trog.
Trog was extremely pleased with you.
You were not hungry.

You visited 9 branches of the dungeon, and saw 46 of its levels.
You also visited: Ice Cave.

You collected 5946 gold pieces.
You spent 2483 gold pieces at shops.

Inventory:

Hand Weapons
 a - a +7 vampiric broad axe (weapon)
 b - the +8 spear "Goillop" {antimagic, rElec rC+ rN+ Str+6}
   (You found it on level 15 of the Dungeon)

   It reduces the magical energy of the wielder, and disrupts the spells and
   magical abilities of those hit.
   Natural abilities and divine invocations are not affected.
   It affects your strength (+6).
   It protects you from cold.
   It insulates you from electricity.
   It protects you from negative energy.
Missiles
 i - 1272 stones (quivered)
 M - 54 tomahawks
Armour
 f - a scarf of resistance (worn)
 k - a +2 pair of boots of running (worn)
 w - a +2 pair of gloves (worn)
 y - the +3 shield of Resourcefulness (worn) {rC+ Regen+}
   (You found it on level 9 of the Dungeon)

   It protects you from cold.
   It increases your rate of regeneration.
 J - a +2 hat of magic resistance (worn)
 X - +6 acid dragon scales (worn)
Jewellery
 t - a +5 ring of evasion (left hand)
 F - a ring of poison resistance (right hand)
 W - an uncursed ring of see invisible
 Y - an amulet of regeneration (around neck)
Wands
 h - a wand of clouds (6)
 A - a wand of digging (28)
 G - a wand of acid (21)
 L - a wand of scattershot (5)
 P - a wand of disintegration (11)
 U - a wand of flame (96)
 V - a wand of iceblast (29)
Scrolls
 e - 19 scrolls of teleportation
 o - 7 scrolls of fog
 q - 23 scrolls of remove curse {@r2}
 s - 6 scrolls of fear
 x - 4 scrolls of immolation
 E - 10 scrolls of blinking
 H - 2 scrolls of holy word
 K - 2 scrolls of identify {@r1}
 O - 4 scrolls of magic mapping
 T - a scroll of silence
Potions
 j - 3 potions of flight
 m - 12 potions of curing {@q1}
 n - 5 potions of invisibility
 p - 4 potions of cancellation
 r - 4 potions of heal wounds
 u - 6 potions of agility
 B - 5 potions of ambrosia
 D - 4 potions of mutation
 N - 4 potions of haste
 Q - 9 potions of might
 R - 6 potions of lignification
Miscellaneous
 d - a box of beasts
 g - a lightning rod (4/4)
 l - a phial of floods
 z - a lamp of fire
 I - 2 phantom mirrors
 S - 3 sacks of spiders
Comestibles
 c - 35 rations
 v - 2 chunks of flesh


   Skills:
 O Level 27 Fighting
 * Level 20.6(20.8) Axes
 - Level 5.0(14.7) Polearms
 + Level 24.4 Armour
 + Level 19.2 Dodging
 - Level 15.0 Shields
 + Level 11.0 Evocations


You had 23 spell levels left.
You didn't know any spells.

Dungeon Overview and Level Annotations

Branches:
Dungeon (15/15)            Temple (0/1) D:6            Lair (6/6) D:9
  Swamp (4/4) Lair:4       Spider (4/4) Lair:2        Slime (5/5) Lair:5
    Orc (2/2) D:12            Elf (0/3) Orc:2        Vaults (4/5) D:14
  Crypt (0/3) Vaults:3     Depths (5/5) D:15            Zot (1/5) Depths:5

Altars:
Ashenzari
Cheibriados
Dithmenos
Elyvilon
Fedhas
Kikubaaqudgha
Makhleb
Trog
Uskayaw
Xom
Yredelemnul
Jiyva

Shops:
D:5 [   D:7 (!!   D:8 *[   D:10 ?   D:13 ((   Orc:2 [*(=   Vaults:2 [

Portals:
Hell: Depths:1 Depths:2 Depths:3 Depths:4 Depths:5
Abyss: Depths:3 Depths:4
Pandemonium: Depths:1 Depths:3 Depths:4
Ziggurat: Depths:4
Trove: Vaults:3 (give +3 gold dragon scales)


Innate Abilities, Weirdness & Mutations

You reflexively headbutt those who attack you in melee.
You have a pair of horns on your head.
You have sharp fingernails.
You are agile. (Dex +2)
You are dopey. (Int -2)
You are somewhat resistant to further mutation.
You are covered in fur. (AC +1)
Your spells are a little easier to cast, but a little less powerful.


Message History

Okay, then.
Your skin crawls.
You feel resistant to hostile enchantments.
You feel somewhat more hungry.
You regained 3 hp, and now have 37/249 hp.
You barely miss the orb of fire. You headbutt the orb of fire!
The orb of fire is almost destroyed.
You slash the orb of fire!
You regained 2 hp, and now have 39/249 hp.
You carve the orb of fire like a ham!!!
You destroy the orb of fire!
Trog accepts your kill.
You completely miss the orb of fire.
The orb of fire emits a lurid red light.
The bolt of fire hits you! You resist.
* * * LOW HITPOINT WARNING * * *
The storm dragon breathes lightning at you.
The bolt of lightning hits the orb of fire.
The orb of fire completely resists.
The bolt of lightning hits you!
You die...

............#...####..## .##
#.................^...##.. #
#.......#####.#.......#.# .##
##.....#### ####.......###..##
.#........###.#..............#
.........*....................
..###.....####................
. #...### #............#...
#..## #.@...X.....## §≈≈§
##*..........# §≈≈§≈≈
..D..##.......# .≈≈≈≈≈
#.....###....... .§§≈ ......#
#..###... ≈§≈§ .....##. ##..
#.... ....## .. ##. #...
....## .. #..


You could see an orb of fire, a tentacled monstrosity and a storm dragon.

Vanquished Creatures
  the Royal Jelly (Slime:5)
  2 orbs of fire (Zot:1)
  A juggernaut (Depths:2)
  Mara (Depths:4)
  Bai Suzhen (Vaults:4)
  Saint Roka (Orc:2)
  4 caustic shrikes (Depths:3)
  2 golden dragons (Depths:5)
  A Brimstone Fiend (Depths:3)
  Jory (Vaults:4)
  A Tzitzimitl (Depths:4)
  A tentacled monstrosity (Depths:4)
  The ghost of magipi the Lord of Darkness, an adept GnIE of Kikubaaqudgha (Vaults:3)
  Rupert (D:13)
  4 liches
  A quicksilver dragon (Depths:5)
  30 acid blobs
  5 sphinxes
  4 tengu reavers
  Frances (D:14)
  2 thorn hunters
  7 draconian monks (Depths:5)
  3 shadow dragons
  A storm dragon (Depths:3)
  11 azure jellies
  2 ghost moths (Spider:4)
  2 deep elf sorcerers (Vaults:4)
  An orc warlord (Orc:2)
  12 vault wardens
  A fire giant (Depths:1)
  5 emperor scorpions
  7 frost giants
  A ghoul (Swamp:2)
  The ghost of TheNamelessOne the Arsonist, a journeyman DrEE of Vehumet (Orc:1)
  A draconian shifter (Depths:5)
  3 spriggan defenders
  3 juggernaut zombies (Depths:4)
  21 stone giants
  15 ironheart preservers
  26 very ugly things
  3 draconian annihilators (Depths:5)
  A caustic shrike skeleton (Depths:4)
  5 reapers (Depths:4)
  A war gargoyle (Vaults:1)
  Nessos (D:15)
  3 vampire knights
  4 entropy weavers
  2 juggernaut skeletons (Depths:4)
  2 green draconians (Depths:5)
  4 white draconians (Depths:5)
  5 black draconians (Depths:5)
  17 spark wasps
  2 deep elf demonologists (Vaults:1)
  2 red draconians (Depths:5)
  Azrael (D:14)
  6 purple draconians
  7 death oozes
  10 deep elf death magi
  11 yaktaur captains
  8 fire dragons
  4 jiangshi
  6 ettins
  A deep elf high priest (Depths:3)
  17 great orbs of eyes
  6 rakshasas
  11 vault guards
  23 hydras
  2 spriggan air magi
  11 ice dragons
  A catoblepas (Lair:6)
  3 ghost crabs
  A catoblepas (shapeshifter) (D:14)
  38 two-headed ogres
  12 centaur warriors
  10 ogre magi
  14 alligators
  7 deep troll shamans
  3 tengu warriors
  2 death yaks (IceCv)
  8 deep troll earth magi
  A shock serpent (Depths:1)
  3 vampire magi
  2 spriggan berserkers
  17 spriggans
  A titan zombie (Depths:4)
  4 orc high priests
  A storm dragon zombie (Depths:4)
  3 deep elf knights
  2 soul eaters (Depths:4)
  An iron troll (Depths:2)
  11 hell knights
  6 skeletal warriors
  A shadow wraith (Vaults:4)
  2 golden dragon zombies (Depths:4)
  An unseen horror (shapeshifter) (Vaults:4)
  2 spriggan druids
  3 unseen horrors
  2 flayed ghosts (Depths:3)
  30 deep trolls
  15 swamp dragons
  2 golden dragon skeletons (Depths:4)
  3 glowing orange brains
  4 lindwurms (Depths:5)
  2 wizards
  3 tengu zombies (Depths:4)
  24 orc knights
  A shadow dragon zombie (Depths:4)
  2 shambling mangroves (Swamp:2)
  2 harpies
  16 ironbrand convokers
  11 necromancers
  The ghost of Nr616 the Spear-Bearer, a novice MfBe of Trog (D:5)
  2 phantasmal warriors (Depths:3)
  12 orb spiders
  An iron dragon zombie (Depths:4)
  12 deep elf magi
  35 wolf spiders
  10 shining eyes
  An oklob plant (Lair:5)
  A salamander (Depths:2)
  A tengu skeleton (Depths:4)
  A manticore (D:14)
  6 orc sorcerers
  A salamander (shapeshifter) (Vaults:1)
  59 ugly things
  4 cyclopes
  2 moths of wrath (Spider:4)
  A cyclops (shapeshifter) (Vaults:3)
  3 elephants (Lair:4)
  A frost giant skeleton (Depths:4)
  17 vault sentinels
  4 eyes of devastation
  Maurice (D:10)
  2 black mambas
  A fire giant skeleton (Depths:4)
  An ice statue (IceCv)
  2 gargoyles (D:14)
  Psyche (D:9)
  A torpor snail (Spider:4)
  22 spiny frogs
  An elf zombie (Depths:4)
  5 komodo dragons
  A rime drake (Lair:6)
  43 yaktaurs
  2 kobold demonologists
  A yaktaur (shapeshifter) (Depths:1)
  4 demonic crawlers
  2 tengu conjurers
  4 freezing wraiths
  An elf skeleton (Depths:4)
  3 wind drakes (Depths:5)
  A troll (shapeshifter) (Vaults:3)
  A polar bear (shapeshifter) (D:15)
  A queen bee (D:11)
  A sphinx simulacrum (Depths:4)
  27 jumping spiders
  4 raiju (Depths:1)
  14 tyrant leeches
  5 trolls
  A raiju (shapeshifter) (Vaults:3)
  28 hornets
  34 blink frogs
  9 hippogriffs
  A tengu simulacrum (Depths:4)
  16 bog bodies
  14 polar bears (IceCv)
  149 slime creatures
  A snapping turtle (shapeshifter) (Vaults:4)
  An iron dragon simulacrum (Depths:4)
  A hippogriff (shapeshifter) (Vaults:1)
  A fire giant simulacrum (Depths:4)
  42 redbacks
  A human simulacrum (Vaults:3)
  4 water elementals (Depths:2)
  26 tarantellas
  49 yaks
  3 wraiths
  6 wyverns
  A human (shapeshifter) (Depths:5)
  2 shadows
  5 fire elementals
  10 golden eyes
  4 basilisks
  A golden eye (shapeshifter) (Depths:3)
  2 hungry ghosts
  A steam dragon (D:14)
  10 vampire mosquitoes
  12 swamp worms
  3 wargs
  Edmund (D:4)
  8 hydra simulacra (Depths:2)
  7 water moccasins
  A soldier ant (D:12)
  4 acid dragons
  3 floating eyes
  5 hell hounds (D:14)
  5 porcupines
  7 ice beasts
  15 swamp drakes
  2 black bears
  7 sky beasts
  An eye of draining (shapeshifter) (Vaults:3)
  60 orc warriors
  3 phantoms
  11 eyes of draining
  5 necrophages
  38 ogres
  5 boggarts
  29 centaurs
  29 wolves
  5 crocodiles
  4 big kobolds
  27 bullfrogs
  2 glowing shapeshifter simulacra (Depths:4)
  4 scorpions
  30 killer bees
  11 wights
  2 electric eels (Lair:6)
  5 crimson imps
  A quasit (Depths:4)
  4 bullfrog zombies
  4 centaur zombies
  3 bullfrog skeletons
  An iron imp (Depths:2)
  6 jellies
  37 orc priests
  4 hounds
  7 centaur skeletons
  Jessica (D:2)
  6 hell rats (Lair:6)
  5 iguanas
  6 worker ants
  37 orc wizards
  4 lightning spires (Depths:1)
  2 worker ant zombies
  4 gnolls (D:4)
  24 adders
  5 shadow imps
  12 white imps (Lair:1)
  2 oozes
  An adder zombie (D:6)
  An adder skeleton (D:6)
  2 worms
  3 dart slugs
  3 leopard geckos
  147 orcs
  2 ball pythons
  6 giant cockroaches
  11 goblins
  6 hobgoblins
  6 jackals (D:1)
  23 kobolds
  5 quokkas
  10 bats
  2 frilled lizards
  A jackal skeleton (D:5)
  A leopard gecko skeleton (D:4)
  5 rats
  9 briar patches
  A bush (Lair:4)
  2 fungi
  2 plants
2167 creatures vanquished.

Vanquished Creatures (collateral kills)
  the Lernaean hydra (Swamp:4)
  A vault warden (Vaults:2)
  3 very ugly things (Depths:3)
  An entropy weaver (Spider:4)
  A spark wasp (Spider:4)
  A deep elf annihilator (Depths:3)
  A jiangshi (Depths:4)
  2 ogre magi
  A rakshasa (Depths:2)
  A hydra (Swamp:4)
  2 vault guards (D:14)
  A centaur warrior (Depths:3)
  The ghost of Vajrapani the Covert, a journeyman OpCK of Xom (D:10)
  A spriggan berserker (Depths:2)
  Sonja (Lair:2)
  An orc knight (Orc:1)
  2 orb spiders (Spider:4)
  2 ugly things (Depths:3)
  A wolf spider (Spider:4)
  A vault sentinel (Vaults:2)
  A yaktaur (Vaults:2)
  A tengu conjurer (D:14)
  A freezing wraith (Vaults:2)
  2 jumping spiders (Spider:4)
  A tarantella (Spider:4)
  A spriggan (Depths:2)
  A wraith (D:15)
  A warg (Orc:1)
  A phantom (D:10)
  4 orc warriors
  A boggart (Depths:1)
  A crocodile (Lair:2)
  A bullfrog (D:10)
  A quasit (D:10)
  An orc priest (Orc:1)
  A hound (D:10)
  A bullfrog skeleton (D:10)
  An orc (Orc:1)
  A quokka (D:10)
  3 briar patches (Swamp:3)
52 creatures vanquished.

Vanquished Creatures (others)
  A deep elf knight (Vaults:1)
  A lindwurm (Depths:5)
  An orb spider (Spider:4)
  A wolf spider (Spider:4)
  A demonic crawler (Spider:4)
  A jumping spider (Spider:4)
  A swamp drake (Swamp:4)
  A centaur (Depths:4)
  3 ball lightnings (Depths:1)
  4 briar patches (Swamp:3)
  36 plants
51 creatures vanquished.

Grand Total: 2270 creatures vanquished

Notes
Turn   | Place    | Note
-------+----------+-------------------------------------------
     0 | D:1      | Megalobster the Minotaur Berserker began the quest for the Orb.
     0 | D:1      | Reached XP level 1. HP: 19/19 MP: 0/0
   443 | D:1      | Reached XP level 2. HP: 27/27 MP: 1/1
   614 | D:1      | Reached skill level 4 in Fighting
   800 | D:1      | Reached XP level 3. HP: 32/33 MP: 2/2
  1086 | D:2      | Upgraded the game from 0.22-a0-284-g99d1f74 to 0.22-a0-346-ga714374
  1139 | D:2      | Found a shimmering altar of Xom.
  1245 | D:2      | Reached ** piety under Trog
  1456 | D:2      | Found a snail-covered altar of Cheibriados.
  1466 | D:2      | Reached XP level 4. HP: 40/40 MP: 3/3
  1556 | D:2      | Noticed Jessica
  1560 | D:2      | Killed Jessica
  1993 | D:3      | Reached skill level 5 in Axes
  2027 | D:3      | Reached XP level 5. HP: 44/47 MP: 4/4
  2130 | D:3      | Reached skill level 1 in Shields
  2359 | D:3      | Reached *** piety under Trog
  2360 | D:3      | Found a burning altar of Makhleb.
  3139 | D:4      | Noticed Edmund
  3148 | D:4      | Killed Edmund
  3148 | D:4      | Reached skill level 5 in Fighting
  3148 | D:4      | Reached XP level 6. HP: 56/56 MP: 5/5
  3250 | D:4      | Found a hide-covered altar of Uskayaw.
  3577 | D:4      | Reached XP level 7. HP: 61/61 MP: 6/6
  3832 | D:4      | Found a shattered altar of Ashenzari.
  3968 | D:5      | Entered Level 5 of the Dungeon
  3987 | D:5      | Found Moshuded's Antique Armour Emporium.
  4072 | D:5      | Reached skill level 5 in Armour
  4352 | D:5      | Reached XP level 8. HP: 70/70 MP: 7/7
  4362 | D:5      | Noticed Nr616's ghost (novice MfBe)
  4369 | D:5      | Killed Nr616's ghost
  4369 | D:5      | Reached skill level 6 in Fighting
  4369 | D:5      | Reached skill level 5 in Dodging
  4440 | D:5      | Bought a pair of embroidered boots for 240 gold pieces
  5087 | D:6      | Reached skill level 7 in Fighting
  5096 | D:6      | Reached XP level 9. HP: 70/79 MP: 8/8
  5104 | D:6      | Found a white marble altar of Elyvilon.
  5592 | D:6      | Found a staircase to the Ecumenical Temple.
  5716 | D:7      | Reached **** piety under Trog
  5722 | D:7      | Found a shadowy altar of Dithmenos.
  5768 | D:7      | Reached skill level 10 in Axes
  5790 | D:7      | Found Neusas's Distillery.
  5810 | D:7      | Bought a potion of degeneration for 13 gold pieces
  5810 | D:7      | Bought a potion of might for 52 gold pieces
  5810 | D:7      | Bought a potion of lignification for 39 gold pieces
  6062 | D:7      | Found Unoxumy's Distillery.
  6220 | D:7      | Found a blossoming altar of Fedhas.
  6240 | D:7      | Found Waroax's Antique Weapon Emporium.
  6499 | D:8      | Noticed a two-headed ogre
  6504 | D:8      | Killed a two-headed ogre
  6504 | D:8      | Reached skill level 8 in Fighting
  6508 | D:8      | Reached XP level 10. HP: 90/90 MP: 9/9
  6701 | D:8      | Noticed a two-headed ogre
  6709 | D:8      | Killed a two-headed ogre
  6801 | D:8      | Reached skill level 9 in Fighting
  6911 | D:8      | Found Puiwkel's General Store.
  7229 | D:8      | Found Daybus's Antique Armour Shop.
  7645 | D:9      | Reached ***** piety under Trog
  7677 | D:9      | Got a bloodstained shield
  7683 | D:9      | Identified the +3 shield of Resourcefulness {rC+ Regen+} (You found it on level 9 of the Dungeon)
  7737 | D:9      | Noticed Psyche
  7744 | D:9      | Killed Psyche
  8041 | D:9      | Reached XP level 11. HP: 80/99 MP: 10/10
  8117 | D:9      | Found a staircase to the Lair.
  8281 | D:10     | Entered Level 10 of the Dungeon
  8399 | D:10     | Noticed Vajrapani's ghost (journeyman OpCK)
  8403 | D:10     | Killed Vajrapani's ghost
  8411 | D:10     | Noticed Maurice
  8422 | D:10     | Killed Maurice
  8495 | D:10     | Reached skill level 5 in Shields
  8496 | D:10     | Received a gift from Trog
  8641 | D:10     | Found Pulieqo's Magic Scroll Shoppe.
  8650 | D:10     | Bought a scroll of identify for 30 gold pieces
  8650 | D:10     | Bought a scroll of teleportation for 45 gold pieces
  8746 | D:10     | Reached skill level 10 in Fighting
  9164 | Lair:1   | Entered Level 1 of the Lair of Beasts
  9274 | Lair:1   | Noticed a seven-headed hydra
  9283 | Lair:1   | Killed a three-headed hydra
  9363 | Lair:1   | Reached skill level 10 in Armour
  9533 | Lair:1   | Found a frozen archway.
  9557 | IceCv    | Entered an ice cave
  9829 | IceCv    | Reached XP level 12. HP: 108/108 MP: 11/11
  9838 | IceCv    | Reached skill level 11 in Fighting
  9932 | IceCv    | Received a gift from Trog
 10082 | IceCv    | Received a gift from Trog
 10093 | IceCv    | Noticed a death yak
 10093 | IceCv    | Noticed a death yak
 10111 | IceCv    | Killed a death yak
 10117 | IceCv    | Killed a death yak
 10117 | IceCv    | Reached skill level 15 in Axes
 10183 | IceCv    | Noticed a frost giant
 10192 | IceCv    | Killed a frost giant
 10238 | IceCv    | Got a shimmering platinum ring
 10240 | IceCv    | Identified the ring of Ywist {*Corrode Int+7 SInv} (You found it in an ice cave)
 10830 | Lair:2   | Noticed Sonja
 10837 | Lair:2   | Killed Sonja
 10946 | Lair:2   | Noticed a six-headed hydra
 10955 | Lair:2   | Killed a one-headed hydra
 11092 | Lair:2   | Reached skill level 12 in Fighting
 11102 | Lair:2   | Found a hole to the Spider Nest.
 11818 | Lair:3   | Reached XP level 13. HP: 104/118 MP: 12/12
 12495 | Lair:4   | Found a staircase to the Swamp.
 12782 | Lair:4   | Identified a scroll of acquirement
 13360 | Lair:5   | Found a labyrinth entrance.
 13420 | Lair:5   | Received a gift from Trog
 13910 | Lair:6   | Entered Level 6 of the Lair of Beasts
 14074 | Lair:6   | Reached skill level 13 in Fighting
 14102 | Lair:6   | Reached skill level 10 in Shields
 14143 | Lair:6   | Reached ****** piety under Trog
 14292 | Lair:6   | Reached XP level 14. HP: 123/129 MP: 13/13
 14400 | Lair:6   | Received a gift from Trog
 14662 | Lair:6   | Found the +7 captain's cutlass {speed, disarm}
 15345 | D:11     | Received a gift from Trog
 16173 | D:11     | Received a gift from Trog
 16218 | D:11     | Noticed a tengu reaver
 16233 | D:11     | Killed a tengu reaver
 16579 | D:12     | Reached skill level 14 in Fighting
 16690 | D:12     | Found a staircase to the Orcish Mines.
 17299 | Orc:1    | Entered Level 1 of the Orcish Mines
 17302 | Orc:1    | Noticed TheNamelessOne's ghost (journeyman DrEE)
 17317 | Orc:1    | Killed TheNamelessOne's ghost
 17823 | Orc:2    | Entered Level 2 of the Orcish Mines
 17838 | Orc:2    | Found a staircase to the Elven Halls.
 18015 | Orc:2    | Found a bloodstained altar of Trog.
 18315 | Orc:2    | Noticed Saint Roka
 18343 | Orc:2    | Killed Saint Roka
 18343 | Orc:2    | Reached XP level 15. HP: 139/139 MP: 14/14
 18346 | Orc:2    | Noticed an orc warlord
 18367 | Orc:2    | Received a gift from Trog
 18375 | Orc:2    | Killed an orc warlord
 18735 | Orc:2    | Found Nuacimab's Antique Armour Shop.
 18736 | Orc:2    | Found Icyopp's Antique Weapon Shop.
 18737 | Orc:2    | Found Omephe's General Store.
 18737 | Orc:2    | Found Wokoi's Jewellery Boutique.
 18751 | Orc:2    | Bought a pair of runed gloves for 262 gold pieces
 18879 | Orc:2    | Bought a scroll of teleportation for 42 gold pieces
 18879 | Orc:2    | Bought a scroll of remove curse for 42 gold pieces
 18900 | Orc:2    | Bought an uncursed ring of poison resistance for 260 gold pieces
 19084 | D:13     | Noticed Rupert
 19094 | D:13     | Killed Rupert
 19094 | D:13     | Reached skill level 15 in Fighting
 19285 | D:13     | Found Fekecats's Weapon Emporium.
 19377 | D:13     | Found Unogarhoto's Weapon Shoppe.
 19736 | D:14     | Received a gift from Trog
 19973 | D:14     | Noticed Azrael
 19990 | D:14     | Killed Azrael
 20028 | D:14     | Reached skill level 10 in Dodging
 20440 | D:14     | Noticed Frances
 20448 | D:14     | Killed Frances
 20700 | D:14     | Found a gate to the Vaults.
 20783 | D:15     | Entered Level 15 of the Dungeon
 20798 | D:15     | Reached skill level 16 in Fighting
 20817 | D:15     | Noticed Nessos
 20824 | D:15     | Killed Nessos
 20996 | D:15     | Reached skill level 15 in Armour
 21016 | D:15     | Got a transparent spear
 21017 | D:15     | Identified the +8 spear "Goillop" {antimagic, rElec rC+ rN+ Str+6} (You found it on level 15 of the Dungeon)
 21049 | D:15     | Reached XP level 16. HP: 151/151 MP: 15/15
 21158 | D:15     | Reached skill level 1 in Evocations
 21544 | D:15     | Found a staircase to the Depths.
 21911 | Swamp:1  | Entered Level 1 of the Swamp
 23015 | Swamp:2  | Upgraded the game from 0.22-a0-346-ga714374 to 0.22-a0-348-gd16d139
 23345 | Swamp:2  | Received a gift from Trog
 23888 | Swamp:2  | Reached skill level 15 in Shields
 24286 | Swamp:3  | Reached skill level 17 in Fighting
 24533 | Swamp:3  | Reached skill level 5 in Evocations
 24760 | Swamp:3  | Noticed a thorn hunter
 25136 | Swamp:3  | Killed a thorn hunter
 25136 | Swamp:3  | Reached skill level 1 in Polearms
 25336 | Swamp:4  | Entered Level 4 of the Swamp
 25553 | Swamp:4  | Reached XP level 17. HP: 161/161 MP: 8/20
 26089 | Swamp:4  | Noticed the 27-headed Lernaean hydra
 26094 | Swamp:4  | Killed the 26-headed Lernaean hydra
 26338 | Swamp:4  | Got a decaying rune of Zot
 26967 | D:7      | Bought a potion of curing for 39 gold pieces
 26967 | D:7      | Bought 2 potions of curing for 78 gold pieces
 26967 | D:7      | Bought a potion of brilliance for 52 gold pieces
 26967 | D:7      | Bought a potion of invisibility for 104 gold pieces
 26967 | D:7      | Bought a potion of invisibility for 104 gold pieces
 26967 | D:7      | Bought a potion of lignification for 39 gold pieces
 26967 | D:7      | Bought a potion of might for 52 gold pieces
 26993 | D:7      | Bought a potion of curing for 45 gold pieces
 26993 | D:7      | Bought a potion of curing for 45 gold pieces
 26993 | D:7      | Bought a potion of curing for 45 gold pieces
 26993 | D:7      | Bought a potion of heal wounds for 75 gold pieces
 26993 | D:7      | Bought 2 potions of might for 120 gold pieces
 26993 | D:7      | Bought a potion of haste for 150 gold pieces
 27122 | D:8      | Bought a potion of flight for 48 gold pieces
 27301 | Spider:1 | Entered Level 1 of the Spider Nest
 27304 | Spider:1 | Found the +8 autumn katana {slice, Clar}
 27405 | Spider:1 | Reached skill level 5 in Polearms
 28111 | Spider:2 | Reached skill level 18 in Fighting
 29897 | Spider:4 | Entered Level 4 of the Spider Nest
 30006 | Spider:4 | Received a gift from Trog
 30657 | Spider:4 | Reached XP level 18. HP: 154/173 MP: 22/22
 30721 | Spider:4 | Identified a +2 pair of boots of running (You found it on level 4 of the Spider Nest)
 30764 | Spider:4 | Got a steaming mace
 30765 | Spider:4 | Identified the cursed +1 mace of Kismet {elec, Int+2 Dex+3} (You found it on level 4 of the Spider Nest)
 30833 | Spider:4 | Got a gossamer rune of Zot
 31300 | Depths:1 | Entered Level 1 of the Depths
 31323 | Depths:1 | Reached skill level 19 in Fighting
 31488 | Depths:1 | Received a gift from Trog
 31515 | Depths:1 | Identified the Almanac of the Birds
 31685 | Depths:1 | Found a one-way gate leading to the halls of Pandemonium.
 31767 | Depths:1 | Found a gateway to Hell.
 32212 | Vaults:1 | Entered Level 1 of the Vaults
 32244 | Vaults:1 | Reached skill level 20 in Fighting
 32436 | Vaults:1 | Received a gift from Trog
 32436 | Vaults:1 | Reached XP level 19. HP: 180/185 MP: 25/25
 33132 | Vaults:1 | Reached skill level 10 in Evocations
 33540 | Vaults:2 | Received a gift from Trog
 33677 | Vaults:2 | Paralysed by a sphinx for 6 turns
 33877 | Vaults:2 | Reached skill level 21 in Fighting
 34317 | Vaults:2 | Received a gift from Trog
 34845 | Vaults:2 | Found Diethyunk's Armour Emporium.
 34853 | Vaults:2 | Bought a +2 hat of magic resistance for 462 gold pieces
 35197 | Vaults:2 | Gained mutation: Your magical capacity is low. (-10% MP) [potion of mutation]
 35197 | Vaults:2 | Gained mutation: Your mind is acute. (Int +2) [potion of mutation]
 35198 | Vaults:2 | Lost mutation: Your magical capacity is low. (-10% MP) [potion of mutation]
 35198 | Vaults:2 | Lost mutation: Your mind is acute. (Int +2) [potion of mutation]
 35198 | Vaults:2 | Gained mutation: You have a beak for a mouth. [potion of mutation]
 35198 | Vaults:2 | Gained mutation: You are covered in fur. (AC +1) [potion of mutation]
 35321 | Vaults:3 | Reached XP level 20. HP: 188/200 MP: 26/26
 35351 | Vaults:3 | Found a portal to a secret trove of treasure.
 35376 | Vaults:3 | Noticed magipi's ghost (adept GnIE)
 35404 | Vaults:3 | Killed magipi's ghost
 35619 | Vaults:3 | Reached skill level 22 in Fighting
 35680 | Vaults:3 | Reached skill level 15 in Dodging
 35723 | Vaults:3 | Received a gift from Trog
 36545 | Vaults:3 | Found a staircase to the Crypt.
 36545 | Vaults:3 | Found a basalt altar of Yredelemnul.
 36546 | Vaults:3 | Found an ancient bone altar of Kikubaaqudgha.
 37298 | Vaults:4 | Received a gift from Trog
 37449 | Vaults:4 | Noticed Bai Suzhen
 37461 | Vaults:4 | Killed Bai Suzhen
 37461 | Vaults:4 | Reached skill level 23 in Fighting
 37759 | Vaults:4 | Received a gift from Trog
 37777 | Vaults:4 | Reached XP level 21. HP: 211/211 MP: 27/27
 37778 | Vaults:4 | Noticed Jory
 37799 | Vaults:4 | Killed Jory
 39585 | Depths:2 | Received a gift from Trog
 40283 | Depths:2 | Noticed a juggernaut
 40298 | Depths:2 | Killed a juggernaut
 40622 | Depths:3 | Reached skill level 24 in Fighting
 40632 | Depths:3 | Found a one-way gate to the infinite horrors of the Abyss.
 40890 | Depths:3 | Received a gift from Trog
 40893 | Depths:3 | Got an ancient hunting sling {god gift}
 40894 | Depths:3 | Identified the +8 hunting sling of Profit {venom, Str+4} (Trog gifted it to you on level 3 of the Depths)
 41499 | Depths:3 | Reached XP level 22. HP: 224/224 MP: 28/28
 41526 | Depths:3 | Noticed a caustic shrike
 41535 | Depths:3 | Received a gift from Trog
 41535 | Depths:3 | Killed a caustic shrike
 41537 | Depths:3 | Paralysed by a floating eye for 2 turns
 41545 | Depths:3 | Noticed a caustic shrike
 41545 | Depths:3 | Noticed a caustic shrike
 41545 | Depths:3 | Noticed a caustic shrike
 41545 | Depths:3 | Noticed a caustic shrike
 41545 | Depths:3 | Noticed a caustic shrike
 41546 | Depths:3 | Noticed a caustic shrike
 41642 | Depths:3 | You fall through a shaft!
 41814 | Depths:3 | Noticed a caustic shrike
 41819 | Depths:3 | Paralysed by a floating eye for 2 turns
 41823 | Depths:3 | Killed a caustic shrike
 41827 | Depths:3 | Killed a caustic shrike
 41831 | Depths:3 | Killed a caustic shrike
 41832 | Depths:3 | Killed a ghostly caustic shrike
 41836 | Depths:3 | Reached skill level 25 in Fighting
 41886 | Depths:3 | Identified the Papyrus of Dark Poison
 42563 | Depths:4 | Found a gateway to a ziggurat.
 42567 | Depths:4 | Received a gift from Trog
 43012 | Depths:4 | Found an ancient bone altar of Kikubaaqudgha.
 43395 | Depths:4 | Noticed Mara
 43409 | Depths:4 | Received a gift from Trog
 43412 | Depths:4 | Reached XP level 23. HP: 234/234 MP: 29/29
 43413 | Depths:4 | Noticed Megalobster's illusion
 43419 | Depths:4 | Killed Mara
 43729 | Depths:4 | Got a spiked ring mail
 43733 | Depths:4 | Identified the cursed +1 ring mail "Qirocuyl" {rCorr} (You found it on level 4 of the Depths)
 43857 | Depths:5 | Entered Level 5 of the Depths
 43976 | Depths:5 | Reached skill level 26 in Fighting
 44256 | Depths:5 | Received a gift from Trog
 45107 | Depths:5 | Found a gate to the Realm of Zot.
 45926 | Lair:5   | Found a staircase to the Slime Pits.
 45949 | Slime:1  | Entered Level 1 of the Pits of Slime
 46746 | Slime:2  | Gained mutation: Your magical capacity is low. (-10% MP) [a shining eye]
 46861 | Slime:2  | Gained mutation: You occasionally shout uncontrollably at your foes. [a shining eye]
 46863 | Slime:2  | Gained mutation: Your spells are a little easier to cast, but a little less powerful. [a shining eye]
 47214 | Slime:1  | Gained mutation: You are occasionally teleported next to monsters. [a shining eye]
 47298 | Slime:1  | Gained mutation: You are frail. (-10% HP) [a shining eye]
 47299 | Slime:1  | Gained mutation: You are weak. (Str -2) [a shining eye]
 47502 | Slime:3  | Reached XP level 24. HP: 222/222 MP: 26/26
 47619 | Slime:2  | Lost mutation: You occasionally shout uncontrollably at your foes. [potion of mutation]
 47619 | Slime:2  | Lost mutation: You have a beak for a mouth. [potion of mutation]
 47619 | Slime:2  | Gained mutation: You are somewhat resistant to further mutation. [potion of mutation]
 47619 | Slime:2  | Gained mutation: You have sharp fingernails. [potion of mutation]
 48057 | Slime:3  | Gained mutation: You are dopey. (Int -2) [a shining eye]
 48559 | Slime:4  | Received a gift from Trog
 48580 | Slime:4  | Reached skill level 27 in Fighting
 48645 | Slime:4  | Lost mutation: You are frail. (-10% HP) [potion of mutation]
 48645 | Slime:4  | Lost mutation: You are occasionally teleported next to monsters. [potion of mutation]
 48645 | Slime:4  | Lost mutation: Your magical capacity is low. (-10% MP) [potion of mutation]
 48645 | Slime:4  | Lost mutation: You are weak. (Str -2) [potion of mutation]
 48645 | Slime:4  | Gained mutation: You are agile. (Dex +2) [potion of mutation]
 48961 | Slime:5  | Entered Level 5 of the Pits of Slime
 49190 | Slime:5  | Received a gift from Trog
 49713 | Slime:5  | Noticed the Royal Jelly
 49714 | Slime:5  | Found a viscous altar of Jiyva.
 49727 | Slime:5  | Killed the Royal Jelly
 49865 | Slime:5  | Got a shimmering spear
 49866 | Slime:5  | Identified the +1 spear "Diame" {freeze, Stlth+} (You found it on level 5 of the Pits of Slime)
 49873 | Slime:5  | Got a scorched glaive
 49899 | Slime:5  | Identified the +3 glaive of Overwhelming Force {venom, rN+} (You found it on level 5 of the Pits of Slime)
 49925 | Slime:5  | Got a brightly glowing granite ring
 49933 | Slime:5  | Got a slimy rune of Zot
 49973 | Slime:5  | Identified the ring of Seli {+Fly Dex+3 Stlth-} (You found it on level 5 of the Pits of Slime)
 50971 | Zot:1    | Entered Level 1 of the Realm of Zot
 51048 | Zot:1    | Noticed an orb of fire
 51077 | Zot:1    | Noticed an orb of fire
 51079 | Zot:1    | Noticed an orb of fire
 51080 | Zot:1    | Killed an orb of fire
 51090 | Zot:1    | HP: 7/249 [orb of fire/fireball (26)]
 51098 | Zot:1    | Killed an orb of fire
 51098 | Zot:1    | HP: 5/249 [orb of fire/bolt of fire (37)]
 51098 | Zot:1    | Killed from afar by a storm dragon

Vault maps used:
D:1:      erik_arrival_blinker_ship
D:2:      nicolae_overflow_crystal_walls, kennysheep_slug_shrine, uniq_jessica
D:3:      lemuel_crystal_altar
D:4:      lemuel_coloured_pillars_altar, eat_drink_and_be_merry_uskayaw,
          first_ration, uniq_edmund
D:5:      serial_shops, shop
D:6:      elyvilon_altar_5, temple_hall, minmay_misc_feat_nine_boxes
D:7:      lemuel_crystal_altar, kennysheep_little_box, serial_shops,
          nicolae_shop_crystal, shop, shop
D:8:      serial_shops, shop, shop
D:9:      cheibrodos_helix_gallery, david_lair_shrubbed, uniq_psyche
D:10:     serial_shops, shop, uniq_maurice
D:11:     minmay_klotski, special_room
D:12:     david_orc_4
D:13:     serial_shops, nicolae_shop_waterfront, shop, uniq_rupert
D:14:     grunt_vaults_entry_fortified, minmay_misc_feat_ornament,
          grunt_tengu_nest, uniq_frances, uniq_azrael
D:15:     grunt_enter_depths_snipers, small_statue_intersection, uniq_nessos
Lair:1:   portal_ice_cave_entry_imps, lemuel_fruit_fields
Lair:2:   spider_nest_entry_a, lemuel_fruit_tree, infiniplex_staircase_pool,
          grunt_megastairs_2, serial_bayou_shore_b, uniq_sonja
Lair:4:   swamp_mist, minivault_25
Lair:5:   minmay_slime_entry_oklob_enclosed, lab_entry_generic
Lair:6:   minmay_lair_end_frog_pond
Swamp:1:  nicolae_swamp_feature_on_the_river_bank, infiniplex_staircase_pool_2
Swamp:2:  hangedman_swamp_cone, swamp_pool4, hangedman_swamp_ravenous
Swamp:3:  evilmike_swamp_ruin_house_2
Swamp:4:  swamp_old_school
Spider:4: grunt_spider_rune_parallel, spider_trap
Slime:2:  nicolae_slime_ancient_tower_intersection, nicolae_slime_round_cave
Slime:3:  cheibrodos_slime_lost_civilization_4
Orc:2:    st_orc_congregation, basic_altar, nicolae_orc_rockfall,
          uniq_saint_roka
Vaults:1: vaults_room_octagon, vaults_standard_mumra_x,
          nicolae_vaults_border_crossing, v_alt_pattern_3,
          nicolae_vaults_fighting_squares, v_pattern_5, v_misc_13,
          vaults_room_corners, vaults_dpeg_encased_lava,
          ontoclasm_vaults_ring_small, ontoclasm_vaults_chip
Vaults:2: special_room_vaults, grunt_vaults_hallway_short, v_misc_31,
          nicolae_vaults_twisting_passages, grunt_vaults_twisty,
          nicolae_vaults_bisected_exclaves, vaults_mumra_chevron_long,
          nicolae_vaults_rhombus_5, vaults_room_door_hall,
          vaults_room_stairs_pillars, ontoclasm_vaults_spin, serial_shops,
          nicolae_shop_crystal
Vaults:3: hangedman_vaults_stretched_pinwheel, nicolae_vaults_triangles,
          dpeg_vaults_pockets_of_resistance, ontoclasm_vaults_idyll,
          nicolae_vaults_angled_halls, minmay_crypt_entry_necro_gods,
          vaults_mumra_hexcomb, v_alt_pattern_6, hangedman_vaults_trim,
          vaults_dpeg_cross, v_misc_2, ontoclasm_vaults_eye,
          nicolae_vaults_diagonal_hallway_6, enter_trove_5
Vaults:4: v_rooms_1, vaults_room_octagon, hangedman_vaults_stream,
          nicolae_vaults_little_ls, grunt_vaults_funnel, v_misc_12,
          vaults_room_pools, nicolae_vaults_yaktaur_gun_rack,
          ontoclasm_vaults_decontamination, uniq_bai_suzhen, uniq_jory
Depths:1: pf_vacation_house_of_asmodeus, grunt_decor_cap, pan_entry,
          hangedman_research_electronics
Depths:2: cheibrodos_hall_of_evolution, minmay_misc_feat_encased,
          grunt_hell_entry_dis_old, infiniplex_staircase_zigzag_2
Depths:3: grunt_runaround, hell_entry, pan_entry, abyss_entry
Depths:4: evilmike_negative_zone, enter_ziggurat_b, hell_entry,
          hangedman_decor_riveting, rand_demon_pan_entry_7, abyss_entry,
          infiniplex_staircase_pillars_2, uniq_mara
Depths:5: lemuel_castle_with_subvaults, infiniplex_enter_wizlab_spiral,
          minivault_11, hell_entry, st_stairs_7
Zot:1:    lemuel_lake_of_fire
IceCv:    ice_cave_caverns_01

Skill      XL: |  1  2  3  4  5  6  7  8  9 10 11 12 13 14 15 16 17 18 19 20 21 22 23 24 |
---------------+-------------------------------------------------------------------------+-----
Fighting       | 4 5 7 8 9 10 12 13 14 16 17 18 20 21 23 24 25 26 27 | 27.0
Axes           | 4 5 6 7 9 10 12 14 15 17 18 19 20 | 20.6
Armour         | 3 4 5 6 7 9 10 11 13 14 15 16 17 18 19 21 22 23 24 | 24.4
Dodging        | 3 4 5 7 8 9 10 11 12 13 14 15 16 17 18 19 | 19.2
Shields        | 2 3 4 6 8 10 12 14 15 | 15.0
Evocations     | 5 7 9 10 11 | 11.0
Polearms       | 2 5 |  5.0

Action                   |  1- 3 |  4- 6 |  7- 9 | 10-12 | 13-15 | 16-18 | 19-21 | 22-24 || total
-------------------------+-------+-------+-------+-------+-------+-------+-------+-------++-------
Melee: Hand axe          |    72 |    89 |   132 |   450 |   757 |       |       |       ||  1500
       Headbutt          |    14 |    13 |    38 |   150 |   370 |   409 |   445 |   450 ||  1889
       Battleaxe         |       |       |    34 |    88 |       |       |       |       ||   122
       Broad axe         |       |       |       |    16 |   534 |  1401 |  1435 |  1355 ||  4741
       Executioner's axe |       |       |       |     8 |       |       |       |       ||     8
       Spear             |       |       |       |       |       |   109 |       |       ||   109
       Peck              |       |       |       |       |       |       |   250 |   317 ||   567
Throw: Stone             |       |     4 |     5 |    25 |    30 |    75 |     2 |     9 ||   150
Invok: Trog's Hand       |       |     3 |     6 |    11 |    20 |    24 |    20 |    23 ||   107
       Berserk           |       |     3 |     5 |    10 |    19 |    16 |    17 |    22 ||    92
       Brothers in Arms  |       |       |       |     2 |     4 |     7 |     9 |     2 ||    24
Evoke: Wand              |       |       |       |       |       |    25 |     4 |    35 ||    64
       Lightning rod     |       |       |       |       |       |     2 |       |       ||     2
  Use: Scroll            |       |       |    14 |     9 |    16 |    16 |     3 |    13 ||    71
       Potion            |       |       |       |     1 |       |     2 |     3 |    24 ||    30
 Stab: Sleeping          |     1 |       |       |       |       |       |       |       ||     1
       Distracted        |       |       |       |     1 |     2 |     2 |     5 |     2 ||    12
       Petrifying        |       |       |       |       |     1 |       |       |       ||     1
       Petrified         |       |       |       |       |     1 |       |       |       ||     1
  Eat: Chunk             |     2 |     3 |     4 |    28 |    25 |    16 |    24 |    14 ||   116
       Ration            |       |     2 |     3 |     2 |    10 |    16 |     9 |    14 ||    56
Armor: Animal skin       |     7 |       |       |       |       |       |       |       ||     7
       Ring mail         |    11 |    15 |    12 |       |       |       |       |       ||    38
       Plate armour      |       |       |    24 |   223 |   298 |     6 |       |       ||   551
       Steam dragon scal |       |       |       |       |       |   154 |       |       ||   154
       Acid dragon scale |       |       |       |       |       |   222 |   268 |   336 ||   826
       Skin              |       |       |       |       |       |       |    29 |    90 ||   119
Dodge: Dodged            |    53 |    55 |    67 |   194 |   413 |   952 |   663 |   745 ||  3142
Block: Buckler           |       |     7 |    22 |       |       |       |       |       ||    29
       Shield            |       |       |       |   220 |   745 |  1224 |   977 |   884 ||  4050

Table legend:
 A = Spawn XP
 B = Non-spawn XP
 C = Spawn XP percentage of total XP
 D = Spawn monster count
 E = Non-spawn monster count
 F = Spawn count percentage of total count
 G = Total turns spent on level
                    A         B        C        D         E        F      G
               +---------+---------+-------+---------+---------+-------+---------
         Total |       0 | 1111569 |   0.0 |       0 |    2197 |   0.0 | 51098
               +---------+---------+-------+---------+---------+-------+---------
           D:1 |       0 |      47 |   0.0 |       0 |      23 |   0.0 |  1078
           D:2 |       0 |     111 |   0.0 |       0 |      26 |   0.0 |   876
           D:3 |       0 |     200 |   0.0 |       0 |      36 |   0.0 |  1185
           D:4 |       0 |     515 |   0.0 |       0 |      13 |   0.0 |   829
           D:5 |       0 |    1391 |   0.0 |       0 |      22 |   0.0 |  1001
           D:6 |       0 |    1213 |   0.0 |       0 |      22 |   0.0 |   748
           D:7 |       0 |     768 |   0.0 |       0 |      15 |   0.0 |  1012
           D:8 |       0 |    4364 |   0.0 |       0 |      45 |   0.0 |  1143
           D:9 |       0 |    2479 |   0.0 |       0 |      33 |   0.0 |  1493
          D:10 |       0 |    4069 |   0.0 |       0 |      33 |   0.0 |  1054
          D:11 |       0 |    8846 |   0.0 |       0 |      66 |   0.0 |  1288
          D:12 |       0 |   10302 |   0.0 |       0 |      68 |   0.0 |  1376
          D:13 |       0 |    7729 |   0.0 |       0 |      24 |   0.0 |   703
          D:14 |       0 |   26536 |   0.0 |       0 |      61 |   0.0 |  1459
          D:15 |       0 |   12243 |   0.0 |       0 |      34 |   0.0 |  1091
        Lair:1 |       0 |    3025 |   0.0 |       0 |      24 |   0.0 |   882
        Lair:2 |       0 |    4396 |   0.0 |       0 |      17 |   0.0 |   950
        Lair:3 |       0 |    2162 |   0.0 |       0 |       9 |   0.0 |   759
        Lair:4 |       0 |    4846 |   0.0 |       0 |      22 |   0.0 |  1026
        Lair:5 |       0 |    7505 |   0.0 |       0 |      27 |   0.0 |  1005
        Lair:6 |       0 |   19884 |   0.0 |       0 |      73 |   0.0 |   754
       Swamp:1 |       0 |   10654 |   0.0 |       0 |      25 |   0.0 |   889
       Swamp:2 |       0 |   22623 |   0.0 |       0 |      57 |   0.0 |  1421
       Swamp:3 |       0 |   14456 |   0.0 |       0 |      30 |   0.0 |   993
       Swamp:4 |       0 |   29829 |   0.0 |       0 |      48 |   0.0 |  1243
      Spider:1 |       0 |    9222 |   0.0 |       0 |      21 |   0.0 |   496
      Spider:2 |       0 |   10897 |   0.0 |       0 |      28 |   0.0 |  1146
      Spider:3 |       0 |    4439 |   0.0 |       0 |       9 |   0.0 |  1016
      Spider:4 |       0 |   37714 |   0.0 |       0 |      97 |   0.0 |  1034
       Slime:1 |       0 |   19684 |   0.0 |       0 |      28 |   0.0 |   619
       Slime:2 |       0 |   26733 |   0.0 |       0 |      50 |   0.0 |  1086
       Slime:3 |       0 |   30147 |   0.0 |       0 |      45 |   0.0 |   814
       Slime:4 |       0 |   17177 |   0.0 |       0 |      22 |   0.0 |   740
       Slime:5 |       0 |   58032 |   0.0 |       0 |      62 |   0.0 |   846
         Orc:1 |       0 |    6585 |   0.0 |       0 |      45 |   0.0 |   538
         Orc:2 |       0 |   18576 |   0.0 |       0 |      96 |   0.0 |  1156
      Vaults:1 |       0 |   60650 |   0.0 |       0 |     100 |   0.0 |  1623
      Vaults:2 |       0 |   53533 |   0.0 |       0 |     107 |   0.0 |  1936
      Vaults:3 |       0 |   66161 |   0.0 |       0 |      86 |   0.0 |  1420
      Vaults:4 |       0 |   64699 |   0.0 |       0 |      86 |   0.0 |  1468
      Depths:1 |       0 |   63850 |   0.0 |       0 |      85 |   0.0 |  1398
      Depths:2 |       0 |   39445 |   0.0 |       0 |      55 |   0.0 |  1307
      Depths:3 |       0 |  113866 |   0.0 |       0 |     102 |   0.0 |  1425
      Depths:4 |       0 |  100264 |   0.0 |       0 |      99 |   0.0 |  1973
      Depths:5 |       0 |   75824 |   0.0 |       0 |      60 |   0.0 |  1604
         Zot:1 |       0 |   20036 |   0.0 |       0 |       4 |   0.0 |   127
         IceCv |       0 |   13842 |   0.0 |       0 |      57 |   0.0 |  1068
               +---------+---------+-------+---------+---------+-------+---------
